[Event "Early-Titled-Tuesday-Blitz-March-19-2024"]
[Site "Chess.com"]
[Date "2024.03.19"]
[Round "8"]
[White "vi_pranav"]
[Black "Dyadya81"]
[Result "1-0"]
[WhiteElo "3062"]
[BlackElo "2950"]
[TimeControl "180+1"]
[EndTime "9:28:21 PDT"]
[Termination "vi_pranav won by resignation"]

1. d4 d5 2. Nc3 Nf6 3. Bf4 a6 4. e3 Bf5 5. f3 e6 6. g4 Bg6 7. h4 h6 8. Bd3 Bxd3 9. cxd3 c5 10.
dxc5 Bxc5 11. d4 Bd6 12. Nge2 Nc6 13. Kf2 Rc8 14. Rc1 Qe7 15. g5 Nd7 16. Bxd6 Qxd6 17. Nf4 hxg5 18. hxg5 Ke7 19. Qb3 Rxh1 20. Rxh1 b5 21.
Rh7 Rg8 22. Nce2 Nf8 23. Rh1 Nd7 24. Qc2 Nb4 25. Qh7 Kf8 26. Rc1 Nc6 27. Qc2 Ndb8 28.
g6 f6 29. Qc5 Ke7 30. Qb6 Rc8 31.
Rh1 Qc7 32. Qxc7+ Rxc7 33. Rh7 Kf8 34. Nxe6+ 1-0

[Event "Early-Titled-Tuesday-Blitz-March-19-2024"]
[Site "Chess.com"]
[Date "2024.03.19"]
[Round "8"]
[White "secrethawk1"]
[Black "igorknyazev"]
[Result "1-0"]
[WhiteElo "2430"]
[BlackElo "2237"]
[TimeControl "180+1"]
[EndTime "9:28:25 PDT"]
[Termination "secrethawk1 won by resignation"]

1. d4 Nf6 2. Bf4 g6 3. e3 Bg7 4. Nf3 O-O 5. h3 d6 6. Be2 Nbd7 7. O-O c5 8. c3 Qb6 9. Qb3 Qxb3 10. axb3 a6 11.
Nbd2 Nd5 12. Bh2 cxd4 13. exd4 Bh6 14. Rfe1 Re8 15. Nc4 b5 16. Na5 e5 17. Bd3 Nf4 18.
Be4 d5 19. Bxf4 dxe4 20. Bxh6 exf3 21. gxf3 f6 22. Bd2 Kf7 23. f4 exd4 24. Rxe8 Kxe8 25. cxd4 Nb6 26. Re1+ Kf7 27. Bb4 Nd5 28. Bc5 Bxh3 29. Nb7 Nxf4 30. Re7+ Kg8 31. Nd6 Ne6 32. b4 h5 33. Kh2 Bg4 34. Ne4 Nxc5 35. bxc5 Kf8 36. Rh7 Be6 37. Rh8+ Bg8 38. Nxf6 Kg7 39. Rxg8+ Rxg8 40. Nxg8 Kxg8 41. c6 1-0

[Event "Early-Titled-Tuesday-Blitz-March-19-2024"]
[Site "Chess.com"]
[Date "2024.03.19"]
[Round "8"]
[White "Lovetov"]
[Black "nikitakhoroshev"]
[Result "1-0"]
[WhiteElo "2554"]
[BlackElo "2667"]
[TimeControl "180+1"]
[EndTime "9:28:26 PDT"]
[Termination "Lovetov won by resignation"]

1. Nf3 Nf6 2. c4 g6 3. Nc3 Bg7 4. e4 d6 5. d4 O-O 6. Be2 Na6 7.
Be3 e5 8. d5 Ng4 9. Bg5 Qe8 10.
Nd2 f6 11. Bh4 Nh6 12. g4 f5 13. gxf5 gxf5 14. Rg1 f4 15. Qc2 Nb4 16. Qb3 a5 17. a3 Na6 18. Nb5 Nc5 19. Qf3 Qf7 20. Qh5 Qxh5 21.
Bxh5 Nd3+ 22. Ke2 Nxb2 23. Nxc7 Bd7 24. Nxa8 Rxa8 25. Rab1 Na4 26. Rxb7 Nc5 27. Rb6 Ra6 28. Rxa6 Nxa6 29. Be7 Kh8 30. Bxd6 Ng8 31. Rxg7 Kxg7 32. Bxe5+ Kh6 33. Bf7 Ne7 34. Bxf4+ Kg7 35. Bh5 Nc8 36. Be3 Nd6 37. Kd3 Nc7 38. Bf4 Nde8 39. Bxe8 Nxe8 40. c5 Nf6 41. c6 Bc8 42. Be5 Kf7 43.
Bxf6 Kxf6 44. Nc4 1-0

[Event "Early-Titled-Tuesday-Blitz-March-19-2024"]
[Site "Chess.com"]
[Date "2024.03.19"]
[Round "8"]
[White "RoelandPruijssers"]
[Black "OparinGrigoriy"]
[Result "0-1"]
[WhiteElo "2726"]
[BlackElo "2996"]
[TimeControl "180+1"]
[EndTime "9:28:27 PDT"]
[Termination "OparinGrigoriy won by checkmate"]

1. e4 c5 2. Nf3 d6 3. d4 cxd4 4. Nxd4 Nf6 5. Nc3 Nc6 6. Bg5 e6 7. Qd2 a6 8. O-O-O Bd7 9. f3 Nxd4 10. Qxd4 Be7 11. Kb1 Qc7 12. h4 b5 13. Qd2 h6 14.
Be3 h5 15. Ne2 b4 16. Bg5 a5 17. c4 Ba4 18. Rc1 e5 19. Ng3 g6 20. Be2 Nd7 21. Nf1 Nc5 22. Ne3 Bc6 23. Nd5 Bxd5 24. cxd5 Bxg5 25.
hxg5 Rb8 26. f4 Qe7 27. Bf3 exf4 28. Qxf4 Nd3 29. Qe3 Nxc1 30. Rxc1 O-O 31. Rc6 Rfc8 32. Qc1 Rxc6 33. Qxc6 Rd8 34. Qb6 Qxg5 35. Qxa5 Rc8 36.
a3 Qc1+ 37. Ka2 b3+ 38. Kxb3 Qc4# 0-1

[Event "Early-Titled-Tuesday-Blitz-March-19-2024"]
[Site "Chess.com"]
[Date "2024.03.19"]
[Round "8"]
[White "rhwr"]
[Black "HandKnit"]
[Result "0-1"]
[WhiteElo "2330"]
[BlackElo "2503"]
[TimeControl "180+1"]
[EndTime "9:28:30 PDT"]
[Termination "HandKnit won by resignation"]

1. c4 Nf6 2. Nc3 e6 3. g3 d5 4.
d4 Bb4 5. cxd5 exd5 6. Bg2 O-O 7. Nf3 Re8 8. O-O c6 9. a3 Bd6 10. h4 Bg4 11. b4 Nbd7 12. b5 Nb6 13. bxc6 bxc6 14.
Na4 Ne4 15. Bb2 Rb8 16. Ne5 Bxe5 17. dxe5 Nxa4 18. Qxa4 Rxb2 19. f3 Nxg3 20. Qxg4 Nxf1 21. Bxf1 Rxe5 22. Rc1 Re6 23. Kh2 Rh6 24. Kh3 f5 25. Qd4 Rd2 26. Qf4 Rb2 27. Qd4 Rb7 28. e3 g5 29. Ba6 Rxh4+ 30. Kg3 Rxd4 31. exd4 f4+ 32. Kf2 Rb2+ 33. Be2 Qe7 34. Re1 Qe3+ 35. Kf1 g4 0-1

[Event "Early-Titled-Tuesday-Blitz-March-19-2024"]
[Site "Chess.com"]
[Date "2024.03.19"]
[Round "8"]
[White "Slovineanu"]
[Black "Byniolus"]
[Result "0-1"]
[WhiteElo "2491"]
[BlackElo "2777"]
[TimeControl "180+1"]
[EndTime "9:28:31 PDT"]
[Termination "Byniolus won on time"]

1. d4 d6 2. e4 Kd7 3. Nc3 Qe8 4. Nf3 Kd8 5. Bc4 e6 6. O-O a6 7. a4 Nd7 8. a5 Ne7 9. Re1 g6 10. b4 c6 11. d5 cxd5 12. exd5 e5 13. Ne4 Nf5 14.
g4 Ng7 15. Bg5+ Kc7 16. Bb3 f5 17. gxf5 gxf5 18. Ng3 Qg6 19. h4 f4 20. Ne4 h6 21.
c4 hxg5 22. hxg5 Qh5 23. Kf1 Nb8 24. Ba4 Bg4 25. Ra3 Nf5 26. Nf6 Qh3+ 27. Ke2 Nd4+ 28. Qxd4 exd4 29. c5 Bxf3+ 0-1

[Event "Early-Titled-Tuesday-Blitz-March-19-2024"]
[Site "Chess.com"]
[Date "2024.03.19"]
[Round "8"]
[White "TitarovVasiliYouTube"]
[Black "GlavkonVVS"]
[Result "0-1"]
[WhiteElo "2549"]
[BlackElo "2697"]
[TimeControl "180+1"]
[EndTime "9:28:33 PDT"]
[Termination "GlavkonVVS won on time"]

1. e4 Nf6 2. e5 Nd5 3. d4 d6 4. Nf3 Bg4 5. Be2 e6 6. O-O Be7 7. h3 Bh5 8. c4 Nb6 9. Nc3 O-O 10.
exd6 cxd6 11. Be3 d5 12. c5 Bxf3 13. Bxf3 Nc8 14. b4 Nc6 15. a3 Bf6 16. Qd2 N8e7 17. g4 g6 18. Rad1 b6 19. Kg2 bxc5 20. bxc5 Rb8 21.
a4 Rb4 22. Nb5 a6 23. Nd6 Bxd4 24. Bxd4 Rxd4 25. Qh6 Rxa4 26. h4 Ne5 27. Ra1 Nxg4 28. Qg5 h6 29. Qd2 Qd7 30. Rfb1 Nf5 31. Nxf5 gxf5 0-1

[Event "Early-Titled-Tuesday-Blitz-March-19-2024"]
[Site "Chess.com"]
[Date "2024.03.19"]
[Round "8"]
[White "gpsji27"]
[Black "campochess"]
[Result "1-0"]
[WhiteElo "2355"]
[BlackElo "2184"]
[TimeControl "180+1"]
[EndTime "9:28:33 PDT"]
[Termination "gpsji27 won by resignation"]

1. d4 Nf6 2. Nf3 g6 3. Nc3 d5 4.
Bf4 c6 5. e3 Bg7 6. Be2 Nbd7 7.
Ne5 Nf8 8. Qd2 Ne6 9. Bg3 Ng5 10. f3 h5 11. h4 Ngh7 12. Qd3 Nf8 13. e4 dxe4 14.
fxe4 Ng4 15. Nxg4 Bxg4 16. Bxg4 hxg4 17. O-O-O Qa5 18. Kb1 Ne6 19. e5 O-O-O 20. Qc4 Rd7 21. d5 Qc5 22. Qb3 Nd4 23. Qa4 Nb5 24. Nxb5 cxb5 25.
Qxg4 Kd8 26. e6 Rxd5 27. Rxd5+ Qxd5 28. Rd1 fxe6 29. Rxd5+ exd5 30. Qxg6 Bf6 31. Qf5 d4 32. Qd5+ Kc8 33. Qc5+ Kd8 34. Qxb5 b6 35. Qc6 Rh6 36.
Bc7+ Kc8 37. Bxb6+ 1-0

[Event "Early-Titled-Tuesday-Blitz-March-19-2024"]
[Site "Chess.com"]
[Date "2024.03.19"]
[Round "8"]
[White "IraZyne"]
[Black "MikeSailer"]
[Result "1-0"]
[WhiteElo "2333"]
[BlackElo "2128"]
[TimeControl "180+1"]
[EndTime "9:28:33 PDT"]
[Termination "IraZyne won on time"]

1. e4 d5 2. exd5 Qxd5 3. Qf3 Qxf3 4. Nxf3 Nc6 5. Bb5 Bd7 6. O-O O-O-O 7. d4 a6 8. Bc4 e6 9. c3 h6 10. Nbd2 Nf6 11.
Re1 Bd6 12. Bb3 g5 13. Nc4 Bf4 14. g3 Bxc1 15. Raxc1 Rdg8 16. Nce5 Nxe5 17. Nxe5 Be8 18. c4 Nd7 19. d5 Nxe5 20. Rxe5 Bd7 21. c5 Re8 22. dxe6 Bxe6 23. Bxe6+ Rxe6 24. Rxe6 fxe6 25. c6 b6 26. Re1 Re8 27. Kg2 e5 28. f4 gxf4 29.
gxf4 Rg8+ 30. Kf3 exf4 31. Kxf4 Kd8 32. Rd1+ Kc8 33. Rd7 Rg6 34. h4 Rxc6 35. Rh7 Rc2 36. Rxh6 Rxb2 37. a3 Rb3 38. Rg6 Rxa3 39. h5 Rh3 40. Kg4 Rh1 41. h6 a5 42. Kg5 a4 43.
Rc6 Kb7 44. Rc2 b5 45. h7 Kb6 46. Kg6 c5 47. Rc1 Rxh7 48. Kxh7 b4 49. Kg6 1-0

[Event "Early-Titled-Tuesday-Blitz-March-19-2024"]
[Site "Chess.com"]
[Date "2024.03.19"]
[Round "8"]
[White "Korchmar_Vasiliy"]
[Black "Chess_Gainz"]
[Result "0-1"]
[WhiteElo "2684"]
[BlackElo "2561"]
[TimeControl "180+1"]
[EndTime "9:28:34 PDT"]
[Termination "Chess_Gainz won by resignation"]

1. e4 c5 2. Nf3 Nc6 3. d4 cxd4 4. Nxd4 e5 5. Nb5 d6 6. c4 g6 7. Bd3 Be6 8. O-O a6 9. N5c3 Bg7 10. Nd5 Nf6 11. Bg5 Rc8 12. Qf3 Bxd5 13. exd5 Nd4 14. Qh3 O-O 15. Qh4 h6 16. Bxh6 Bxh6 17. Qxh6 e4 18. Qf4 Qb6 19. Qxf6 Qxb2 20. Qf4 exd3 21.
Kh1 Qxa1 22. Nd2 Ne2 23. Qxd6 Qd4 24. f4 Rxc4 25. f5 Rc1 26. fxg6 Qg1+ 0-1

[Event "Early-Titled-Tuesday-Blitz-March-19-2024"]
[Site "Chess.com"]
[Date "2024.03.19"]
[Round "8"]
[White "PLAYER_2006_M"]
[Black "SuperPower2011"]
[Result "1-0"]
[WhiteElo "2944"]
[BlackElo "2774"]
[TimeControl "180+1"]
[EndTime "9:28:35 PDT"]
[Termination "PLAYER_2006_M won on time"]

1. e4 c5 2. Nf3 e6 3. c3 Nf6 4. e5 Nd5 5. Bc4 b6 6. d4 cxd4 7. Bxd5 exd5 8. Qxd4 Nc6 9. Qxd5 Ba6 10. Bg5 Be7 11. Bxe7 Qxe7 12. Nbd2 O-O 13. O-O-O Rac8 14. Kb1 Rfe8 15. Rhe1 Nb8 16. h4 Rc5 17. Qd6 Qxd6 18.
exd6 Bd3+ 19. Kc1 Re6 20. Nd4 Rxe1 21. Rxe1 Kf8 22. Re3 Ba6 23. g4 Rd5 24. Ne4 Bb7 25. f4 Na6 26. Nf5 Nc5 27. Nxc5 Rxc5 28. h5 h6 29. Re7 Bc6 30. Nd4 Rd5 31. Nxc6 dxc6 32. Rd7 Ke8 33. Re7+ Kf8 34. Rxa7 Rxd6 35. Kc2 Rf6 36.
Ra4 Ke7 37. Re4+ Kd7 38. a4 Rd6 39. b4 Kc7 40. Re7+ Rd7 41. Rxd7+ Kxd7 42. Kd3 g6 43. g5 1-0

[Event "Early-Titled-Tuesday-Blitz-March-19-2024"]
[Site "Chess.com"]
[Date "2024.03.19"]
[Round "8"]
[White "Al_Shima"]
[Black "MatyChess1"]
[Result "0-1"]
[WhiteElo "2457"]
[BlackElo "2645"]
[TimeControl "180+1"]
[EndTime "9:28:35 PDT"]
[Termination "MatyChess1 won on time"]

1. d4 Nf6 2. c4 e6 3. Nc3 Bb4 4. e3 c5 5. Ne2 b6 6. a3 Ba5 7. f3 O-O 8. g3 d5 9. Bg2 dxc4 10. f4 Nd5 11. O-O Bb7 12. Nxd5 exd5 13. dxc5 bxc5 14. Nc3 Bxc3 15. bxc3 Na6 16. Qa4 Qb6 17.
e4 Bc6 18. Qc2 d4 19. f5 f6 20. cxd4 cxd4 21. Qxc4+ Kh8 22. a4 Rac8 23. Qe2 Rfe8 24. Bf4 Nc5 25. Rab1 Qd8 26. e5 fxe5 27. Bd2 Qf6 28. g4 Bxg2 29. Qxg2 e4 30. g5 Qe5 31. Rbe1 e3 32. Bb4 Nd3 0-1

[Event "Early-Titled-Tuesday-Blitz-March-19-2024"]
[Site "Chess.com"]
[Date "2024.03.19"]
[Round "8"]
[White "DarZay"]
[Black "NovoselovRoman"]
[Result "0-1"]
[WhiteElo "2352"]
[BlackElo "2549"]
[TimeControl "180+1"]
[EndTime "9:28:35 PDT"]
[Termination "NovoselovRoman won by checkmate"]

1. e4 d5 2. exd5 Qxd5 3. Nc3 Qd6 4. d4 Nf6 5. Nf3 c6 6. Ne5 Nbd7 7. f4 Nb6 8. Be2 Bf5 9. O-O e6 10. Kh1 h5 11. Be3 Rd8 12. Qe1 Bxc2 13. Qg3 Bf5 14. Nd3 h4 15. Qe1 Nbd5 16. Nxd5 Nxd5 17. Bd2 Nf6 18. Bc3 Ne4 19. Bf3 Ng3+ 20. Kg1 Bxd3 21. hxg3 Bxf1 22. Qxf1 hxg3 23. Be4 Qe7 24. Qc4 Qh4 25.
Bxc6+ bxc6 26. Qxc6+ Rd7 27. Qc8+ Qd8 28. Qc6 Be7 29. Re1 O-O 30. Re3 Bf6 31. Rxg3 Bxd4+ 32. Kh2 Qh4+ 33. Rh3 Qxf4+ 34. Rg3 Rd5 35. Bxd4 Rh5+ 36.
Kg1 Qxd4+ 37. Kf1 Rh1+ 38. Ke2 Qd1+ 39. Kf2 Rf1+ 40. Ke3 Re1+ 41. Kf4 Qd4+ 42. Kg5 Qf6+ 43. Kg4 Qf5+ 44. Kh4 Rh1+ 45. Rh3 Qf4+ 46. g4 Qf2+ 47. Kg5 Qf6+ 48. Kh5 Qh6# 0-1

[Event "Early-Titled-Tuesday-Blitz-March-19-2024"]
[Site "Chess.com"]
[Date "2024.03.19"]
[Round "8"]
[White "MalyDominator"]
[Black "alvarorodriguezavila"]
[Result "1-0"]
[WhiteElo "2543"]
[BlackElo "2343"]
[TimeControl "180+1"]
[EndTime "9:28:37 PDT"]
[Termination "MalyDominator won on time"]

1. e4 c5 2. Nf3 g6 3. c3 Bg7 4. d4 cxd4 5. cxd4 d5 6. e5 Bg4 7. Be2 Nh6 8. O-O O-O 9. h3 Bxf3 10.
Bxf3 Nf5 11. Nc3 e6 12. g4 Nh4 13. Bh1 Nc6 14. Be3 f6 15. f4 fxe5 16. fxe5 g5 17. Qd2 h6 18. Rxf8+ Qxf8 19. Rf1 Qe7 20. Nxd5 exd5 21.
Bxd5+ Kh8 22. Rf7 Qb4 23. Qf2 Rf8 24. e6 Ng6 25. Be4 Nf4 26. Bxf4 gxf4 27. Qxf4 Qxd4+ 28. Kg2 Qxb2+ 29. Kf1 Qb5+ 30. Kg2 Qe2+ 31. Kh1 Qd1+ 32. Kg2 Rxf7 33. exf7 Qd8 34. Qf5 Qd2+ 35. Kg3 Be5+ 36.
Qxe5+ 1-0

[Event "Early-Titled-Tuesday-Blitz-March-19-2024"]
[Site "Chess.com"]
[Date "2024.03.19"]
[Round "8"]
[White "Njal28"]
[Black "Arystanner"]
[Result "0-1"]
[WhiteElo "3042"]
[BlackElo "2853"]
[TimeControl "180+1"]
[EndTime "9:28:38 PDT"]
[Termination "Arystanner won by resignation"]

1. d4 d5 2. c4 e6 3. Nf3 Nf6 4.
e3 a6 5. cxd5 exd5 6. Nc3 c6 7.
Bd3 Bd6 8. Qc2 O-O 9. O-O Re8 10. Bd2 Bg4 11. Kh1 Nbd7 12. Ng1 Nf8 13. f3 Bh5 14. e4 dxe4 15. fxe4 Bxh2 16. Kxh2 Ng4+ 17.
Kh1 Qxd4 18. Bf4 Rad8 19. Be2 Ne6 20. Bxg4 Bxg4 21. Bh2 Qc5 22. Nf3 Qh5 23. Ne5 Nd4 24. Qf2 Rxe5 25. Kg1 Re6 26. Qf4 b5 27. Rf2 b4 28.
Qc7 Rde8 29. Raf1 bxc3 30. Rxf7 Rg6 31. Bd6 Ne2+ 32. Kf2 Rxd6 33. Rxg7+ Kh8 34. Rh1 Rf6+ 35. Ke3 Qxh1 36. Re7 Qh6+ 37. Kd3 Rxe7 38. Qxe7 Qf8 39. Qe5 Qd6+ 40. Qd4 Qxd4+ 0-1

[Event "Early-Titled-Tuesday-Blitz-March-19-2024"]
[Site "Chess.com"]
[Date "2024.03.19"]
[Round "8"]
[White "Herzog2012"]
[Black "jk13"]
[Result "0-1"]
[WhiteElo "2538"]
[BlackElo "2688"]
[TimeControl "180+1"]
[EndTime "9:28:38 PDT"]
[Termination "jk13 won on time"]

1. e4 e5 2. Nc3 Nf6 3. g3 d5 4. exd5 Nxd5 5. Bg2 Be6 6. Nf3 Nc6 7. O-O Qd7 8. Re1 f6 9. d4 Nxc3 10. bxc3 O-O-O 11. Qe2 Bd6 12. Rb1 Bd5 13. Rxb7 Nxd4 14. cxd4 Bxb7 15.
dxe5 Bxe5 16. Nxe5 fxe5 17. Bxb7+ Kxb7 18. Be3 Qc6 19. Qg4 g6 20. Qb4+ Ka8 21. Qa5 a6 22. Qxe5 Rhe8 23. Qa5 Rd5 24. Qa3 Red8 25. Qc1 Qd7 26. Qa3 Qd6 27. Qa5 Rxa5 28. Rf1 Rd5 0-1

[Event "Early-Titled-Tuesday-Blitz-March-19-2024"]
[Site "Chess.com"]
[Date "2024.03.19"]
[Round "8"]
[White "Josetricks"]
[Black "Saxar85"]
[Result "0-1"]
[WhiteElo "2547"]
[BlackElo "2728"]
[TimeControl "180+1"]
[EndTime "9:28:38 PDT"]
[Termination "Saxar85 won by resignation"]

1. d4 Nf6 2. Nc3 d5 3. Bf4 g6 4.
Nf3 Bg7 5. e3 O-O 6. h4 Bg4 7.
Qd2 c5 8. Ne5 Nc6 9. Nxg4 Nxg4 10. Be2 cxd4 11. exd4 Qd7 12. f3 Nf6 13. Be5 Nh5 14.
Bxg7 Kxg7 15. O-O-O Qd6 16. g4 Nf4 17. h5 g5 18. h6+ Kh8 19. Kb1 Rac8 20. Bd3 Qf6 21. Ne2 Nxd4 22. Nxf4 Qxf4 23. Be4 Qxd2 24. Rxd2 dxe4 25.
Rxd4 exf3 26. Rf1 Rfd8 27. Re4 e6 28. c3 f5 29. gxf5 exf5 30. Re5 g4 31. Rxf5 Rf8 32. Rg5 Rg8 33. Rf5 Rcf8 34. Rxf8 Rxf8 35. Kc2 g3 36. Kd2 g2 37. Rg1 f2 38. Rxg2 f1=Q 39. Rg7 0-1

[Event "Early-Titled-Tuesday-Blitz-March-19-2024"]
[Site "Chess.com"]
[Date "2024.03.19"]
[Round "8"]
[White "LeoWin2012"]
[Black "Orest_Vovk"]
[Result "1-0"]
[WhiteElo "2244"]
[BlackElo "2512"]
[TimeControl "180+1"]
[EndTime "9:28:38 PDT"]
[Termination "LeoWin2012 won by resignation"]

1. e4 g5 2. d4 g4 3. Nc3 Bg7 4. Be3 h5 5. Qd2 d6 6. Bc4 c6 7. Nge2 Qa5 8. Nf4 Nf6 9. O-O-O Nbd7 10. Bb3 b5 11. f3 Nb6 12. e5 Nfd7 13. exd6 exd6 14.
Rhe1 Nc4 15. Bxc4 bxc4 16. Nfd5 cxd5 17. Bh6+ Be5 18. Bg7 Rg8 19. Qh6 Kd8 20. dxe5 Bb7 21. exd6 Kc8 22. Qh7 Qd8 23. Bd4 Qg5+ 24. Be3 Qg6 25.
Qxg6 fxg6 26. Nxd5 Bxd5 27. Rxd5 gxf3 28. gxf3 Kb7 29.
Bg5 Kc6 30. Rd4 Nb6 31. Re6 Raf8 32. d7+ Kc5 33. d8=Q Rxd8 34. Rxd8 Rg7 1-0

[Event "Early-Titled-Tuesday-Blitz-March-19-2024"]
[Site "Chess.com"]
[Date "2024.03.19"]
[Round "8"]
[White "Hope_6"]
[Black "Nitzan_Steinberg"]
[Result "0-1"]
[WhiteElo "2711"]
[BlackElo "2880"]
[TimeControl "180+1"]
[EndTime "9:28:39 PDT"]
[Termination "Nitzan_Steinberg won by checkmate"]

1. e4 e5 2. Nf3 Nc6 3. Bb5 a6 4. Ba4 Nf6 5. O-O Be7 6. Re1 b5 7. Bb3 d6 8. c3 O-O 9. h3 Nd7 10. d4 Bf6 11. Be3 Na5 12. Bc2 Nc4 13. Bc1 exd4 14.
cxd4 c5 15. b3 cxd4 16. Bd3 Nce5 17. Bb2 Nc5 18. Bf1 Nxf3+ 19. Qxf3 Bb7 20. Nd2 Re8 21.
Rad1 Rc8 22. Bd3 Be5 23. Nf1 Ne6 24. Ng3 g6 25. Bb1 Qh4 26. Nf1 f5 27. Qe2 Nf4 28.
Qd2 Qg5 29. Ng3 Nxh3+ 30. gxh3 f4 31. Kh1 Qh4 32. Nf1 Qxh3+ 33. Kg1 f3 34. Qg5 Bf4 35. Qxf4 Qg2# 0-1

[Event "Early-Titled-Tuesday-Blitz-March-19-2024"]
[Site "Chess.com"]
[Date "2024.03.19"]
[Round "8"]
[White "Casper"]
[Black "Kunalm64"]
[Result "0-1"]
[WhiteElo "2495"]
[BlackElo "2631"]
[TimeControl "180+1"]
[EndTime "9:28:40 PDT"]
[Termination "Kunalm64 won by resignation"]

1. Nf3 Nf6 2. b3 g6 3. Bb2 Bg7 4. g3 O-O 5. Bg2 d5 6. O-O c6 7. d4 Bg4 8. c4 Bxf3 9. Bxf3 Re8 10. Nc3 e6 11. Qd3 Nbd7 12. Rad1 Qe7 13. Rfe1 Rad8 14.
Kg2 h5 15. h4 e5 16. e4 exd4 17. exd5 Qxe1 18. Rxe1 Rxe1 19. dxc6 Ne5 20. Qd2 Rg1+ 21. Kh3 Nxf3 22. Qf4 dxc3 23. Bxc3 Rdd1 24. Qxf3 Rh1+ 25. Qxh1 Rxh1+ 26. Kg2 bxc6 27. Kxh1 Ne4 28. Bxg7 Kxg7 29. Kg2 Kf6 30. Kf3 Kf5 31. Ke3 c5 32. a3 a5 33.
Ke2 Ke5 34. Ke3 f5 35. Kf3 Nd2+ 36. Ke3 Nxb3 37. f4+ Ke6 38. Kd3 a4 39. Ke3 Kd6 40.
Kd3 Na5 41. Ke3 Nxc4+ 42. Kd3 Nxa3 0-1

[Event "Early-Titled-Tuesday-Blitz-March-19-2024"]
[Site "Chess.com"]
[Date "2024.03.19"]
[Round "8"]
[White "FREDERICKtheMATE"]
[Black "Jojo_898"]
[Result "0-1"]
[WhiteElo "2680"]
[BlackElo "2493"]
[TimeControl "180+1"]
[EndTime "9:28:40 PDT"]
[Termination "Jojo_898 won by checkmate"]

1. d4 Nf6 2. c4 b6 3. Nc3 Bb7 4. d5 g6 5. e4 d6 6. Nf3 Bg7 7.
Be2 O-O 8. O-O a5 9. h3 Nbd7 10. Nd4 Nc5 11. Qc2 Nfxe4 12. Nc6 Bxc6 13. Nxe4 Bd7 14.
Nxc5 bxc5 15. Bd3 c6 16. dxc6 Bxc6 17. Re1 Rb8 18. Rb1 Qd7 19. Bd2 a4 20. b3 axb3 21.
axb3 Rb6 22. Bg5 e6 23. h4 Rfb8 24. Qd1 Qb7 25. Bc2 Bxg2 26. Qg4 Bf3 27. Qh3 h5 28. Qg3 Ra8 29. Re3 Bg4 30. f3 Bf5 31. Bxf5 exf5 32. Re7 Qc6 33. Qg2 Re8 34. Qe2 Rbb8 35. Rd1 Bd4+ 36.
Kg2 Rxe7 37. Qxe7 Re8 38. Qa7 Re2+ 39. Kg3 Bf2+ 40. Kf4 Re3 41. Rd5 Re8 42. Qa1 Qd7 43. Bf6 Qe6 44. Kg5 Be3+ 45. f4 Bxf4+ 46. Kxf4 Qe3# 0-1

[Event "Early-Titled-Tuesday-Blitz-March-19-2024"]
[Site "Chess.com"]
[Date "2024.03.19"]
[Round "8"]
[White "diamonds13"]
[Black "Horokoskii"]
[Result "1-0"]
[WhiteElo "2338"]
[BlackElo "2154"]
[TimeControl "180+1"]
[EndTime "9:28:42 PDT"]
[Termination "diamonds13 won by resignation"]

1. d4 Nf6 2. c4 c5 3. d5 e6 4. Nc3 exd5 5. cxd5 d6 6. e4 g6 7. Bd3 Bg7 8. h3 O-O 9. Nge2 Na6 10. a3 Nc7 11. O-O a6 12. a4 Rb8 13. a5 Re8 14. f4 b6 15. axb6 Rxb6 16. Ng3 Nb5 17. Nxb5 axb5 18. Re1 Nd7 19. e5 c4 20. Bc2 dxe5 21. f5 Nc5 22. Be3 Qd6 23. Kh1 Rb8 24.
Rf1 Bb7 25. f6 Bf8 26. Qg4 Qxd5 27. Rf2 Qe6 28. Qg5 Nd3 29. Bxd3 cxd3 30. Nf5 Kh8 31. Ng7 Qxh3+ 32. Kg1 Qd7 33. Qh6 Rbc8 34. g3 Qc6 35. Rh2 1-0

[Event "Early-Titled-Tuesday-Blitz-March-19-2024"]
[Site "Chess.com"]
[Date "2024.03.19"]
[Round "8"]
[White "Goryachkina"]
[Black "Muslim_player_05"]
[Result "1-0"]
[WhiteElo "2656"]
[BlackElo "2499"]
[TimeControl "180+1"]
[EndTime "9:28:44 PDT"]
[Termination "Goryachkina won by resignation"]

1. e4 e5 2. Nf3 Nc6 3. Bc4 Bc5 4. c3 Nf6 5. d4 exd4 6. e5 d5 7. Bb5 Ne4 8. cxd4 Bb6 9. Nc3 O-O 10. Be3 Nxc3 11. bxc3 f6 12. exf6 Qxf6 13. O-O Bf5 14. Re1 Kh8 15. a4 Na5 16. Ne5 c6 17. Bf1 Bc7 18. f4 Rae8 19. Ra2 Be6 20. g3 Nc4 21.
Nxc4 dxc4 22. Bg2 Bf5 23. Rb2 Ba5 24. Bd2 Rxe1+ 25. Bxe1 Qf7 26. Qf3 Re8 27. Re2 Bd3 28. Re3 h6 29. g4 Rxe3 30. Qxe3 g6 31. Qe5+ Kh7 32. Qxa5 Qxf4 33. Qe5 Qxg4 34. Qc7+ Kg8 35. Qb8+ Kh7 36. Qxb7+ Kg8 37. Qxc6 Qe2 38. Qc8+ Kg7 39. Qc7+ Kf8 40. Qd6+ Ke8 41. Qe5+ Qxe5 42. dxe5 Ke7 43. Bf2 1-0

[Event "Early-Titled-Tuesday-Blitz-March-19-2024"]
[Site "Chess.com"]
[Date "2024.03.19"]
[Round "8"]
[White "guillembaches"]
[Black "Lennis93"]
[Result "0-1"]
[WhiteElo "2561"]
[BlackElo "2754"]
[TimeControl "180+1"]
[EndTime "9:28:47 PDT"]
[Termination "Lennis93 won by resignation"]

1. d4 Nf6 2. Nf3 e6 3. Bg5 b6 4. e3 Bb7 5. Nbd2 c5 6. c3 h6 7. Bh4 Be7 8. Bd3 d5 9. Ne5 Nfd7 10. Bxe7 Qxe7 11. f4 Nxe5 12. fxe5 Qh4+ 13. g3 Qg5 14.
Qe2 a5 15. Bb5+ Bc6 16. O-O O-O 17. Rf4 c4 18. Bxc6 Nxc6 19. Raf1 Ra7 20. Nf3 Qg6 21. Nh4 Qd3 22. Qf2 b5 23. Rg4 Ne7 24. Qf4 Kh8 25. Rf3 Qb1+ 26. Kg2 Qxb2+ 27. Kh3 Qc2 28. Ng2 Qe4 29.
Rh4 Qxf4 30. Nxf4 Nf5 31. Rg4 b4 32. Ne2 b3 33. axb3 cxb3 34. Rf1 a4 35. e4 Ne3 36. Rxf7 Rfxf7 37. Rxg7 Kxg7 38. Nf4 0-1

[Event "Early-Titled-Tuesday-Blitz-March-19-2024"]
[Site "Chess.com"]
[Date "2024.03.19"]
[Round "8"]
[White "Jahonas"]
[Black "ZachHKL"]
[Result "1-0"]
[WhiteElo "2339"]
[BlackElo "2176"]
[TimeControl "180+1"]
[EndTime "9:28:47 PDT"]
[Termination "Jahonas won by resignation"]

1. e4 c5 2. Nf3 Nc6 3. d4 cxd4 4. Nxd4 Nf6 5. Nxc6 bxc6 6. Bd3 d5 7. Nc3 e5 8. O-O Bd6 9. Bg5 d4 10. Ne2 h6 11. Bxf6 Qxf6 12. Qd2 O-O 13. f4 exf4 14. Nxf4 Qe5 15. g3 Rb8 16. b3 Be6 17. Qf2 Rbe8 18. Rae1 a5 19. a4 c5 20. Kg2 Rc8 21. Nxe6 Qxe6 22. Qf3 Qe5 23. Re2 Rce8 24. Bc4 Re7 25. Bd5 Kh8 26. Ref2 Qg5 27. h4 Qe5 28. Qg4 g6 29. Qf4 Qxf4 30. gxf4 Kg7 31. h5 f5 32. e5 Bc7 33. hxg6 Kxg6 34. Kf3 Rd8 35. Rg2+ Kh7 36.
Bc4 Rg7 37. Rxg7+ Kxg7 38. Rg1+ Kh7 39. Bd3 Rf8 40. Re1 Bd8 41. e6 Be7 42. Re5 Kg6 43.
Rd5 h5 44. Rd7 Kf6 45. Bc4 Rg8 46. Rd5 h4 47. Bd3 Rg3+ 48. Kf2 Kxe6 49. Rxf5 Re3 50. Rh5 Kf6 51. Rh6+ Kg7 52. Rh7+ Kf6 53. Rxh4 Ke6 54. Rh6+ Bf6 55. Rg6 Kf7 56. Rg4 Re8 57. Bg6+ Ke7 58. Bxe8 Kxe8 59. Kf3 1-0

[Event "Early-Titled-Tuesday-Blitz-March-19-2024"]
[Site "Chess.com"]
[Date "2024.03.19"]
[Round "8"]
[White "Incognizance"]
[Black "KVAIDAN"]
[Result "0-1"]
[WhiteElo "1899"]
[BlackElo "2323"]
[TimeControl "180+1"]
[EndTime "9:28:47 PDT"]
[Termination "KVAIDAN won by resignation"]

1. d4 e6 2. c4 f5 3. Nc3 Nf6 4. g3 d6 5. Bg2 Be7 6. e4 O-O 7.
Nge2 fxe4 8. Nxe4 Nxe4 9. Bxe4 Nd7 10. O-O Nf6 11. Bg2 e5 12. Nc3 c6 13. Bg5 Bg4 14.
Qb3 Rb8 15. c5+ Kh8 16. cxd6 Bxd6 17. dxe5 Bxe5 18. h3 Bh5 19. g4 Bf7 20. Qa4 Qb6 21. Qc2 Qa5 22. Bd2 Qc7 23. Be3 Bg6 24. Qe2 Qa5 25.
f4 Bxc3 26. bxc3 Qxc3 27. f5 Bf7 28. Qf2 Bd5 29. Bd4 Qa3 30. g5 Ne4 31. Qh4 Qg3 32.
Bxg7+ Kxg7 33. Qh6+ Kg8 34. g6 Ng5 35. gxh7+ Kh8 36.
Rf2 Rxf5 37. Raf1 Rbf8 38. h4 Nh3+ 39. Kh1 Nxf2+ 40. Rxf2 Qh3+ 41. Kg1 Bxg2 42. Qxf8+ Rxf8 43. Rxf8+ Kxh7 44. Rf7+ Kg6 45. Rxb7 Bd5 46. h5+ 0-1